 Dungeon Crawl Stone Soup version 0.30.0-29-ga12c61a403 (webtiles) character file.

Game seed: 10781650721766411970

6822 Tirrikindir the Carver (level 11, -6/73 HPs)
             Began as an Octopode Fighter on June 21, 2023.
             Was a Priest of Okawaru.
             Mangled by a polar bear simulacrum (15 damage)
             ... on level 9 of the Dungeon.
             The game lasted 00:23:38 (9217 turns).

Tirrikindir the Carver (Octopode Fighter)           Turns: 9217, Time: 00:23:40

Health: -6/73      AC:  1    Str: 15    XL:     11   Next: 5%
Magic:  11/16      EV: 15    Int: 16    God:    Okawaru [***...]
Gold:   583        SH:  6    Dex: 17    Spells: 10/10 levels left

rFire   . . .        a - +0 long sword (spect)
rCold   . . .        b - +0 buckler
rNeg    . . .        (helmet restricted)
rPois   .            (no amulet)
rElec   .            p - ring of resist corrosion
rCorr   +            s - +6 ring of intelligence
SInv    .            A - ring of flight
Will    .....        (no ring)
Stlth   +++++        (no ring)
HPRegen 0.32/turn    (no ring)
MPRegen 0.15/turn    (no ring)
                     (no ring)

%: no passive effects
@: finesse-ful, flying
A: almost no armour, amphibious, 8 rings, camouflage 1, gelatinous body 1,
(nimble swimmer 1), tentacles
a: Renounce Religion, Heroism


You were on level 9 of the Dungeon.
You worshipped Okawaru.
Okawaru was most pleased with you.
You visited 2 branches of the dungeon, and saw 10 of its levels.
You also visited: Ossuary.

You collected 583 gold pieces.

Inventory:

Hand Weapons
 a - a +0 spectral long sword (weapon)
 F - the +7 dagger "Tunkudoff" {drain, rCorr Str-2 Dex+3}
   (You found it on level 8 of the Dungeon)

   Str:       It affects your strength (-2).
   Dex:       It affects your dexterity (+3).
   rCorr:     It protects you from acid and corrosion.
Missiles
 j - 5 curare-tipped darts
 D - 37 poisoned darts (quivered)
Armour
 b - a +0 buckler (worn)
Jewellery
 p - a ring of resist corrosion (left tentacle)
 s - a +6 ring of intelligence (right tentacle)
 A - a ring of flight (on tentacle)
Wands
 k - a wand of flame (31)
 l - a wand of polymorph (12)
 o - a wand of roots (9)
 E - a wand of acid (12)
Scrolls
 e - a scroll of blinking
 h - a scroll of butterflies
 m - 6 scrolls of teleportation
 n - 2 scrolls of poison
 q - 2 scrolls of vulnerability
 t - 2 scrolls of enchant armour {unknown}
 u - 2 scrolls of amnesia {unknown}
 v - 2 scrolls of immolation {unknown}
 y - a scroll of fear {unknown}
 B - a scroll of magic mapping {unknown}
 H - a scroll of brand weapon
Potions
 c - a potion of ambrosia {unknown}
 d - 4 potions of brilliance
 f - 5 potions of lignification
 g - a potion of attraction {unknown}
 i - 6 potions of flight
 r - 3 potions of cancellation {unknown}
 w - 3 potions of invisibility {unknown}
 x - 2 potions of mutation {unknown}
 G - a potion of magic {unknown}


   Skills:
 * Level 6.3 Fighting
 * Level 10.7 Long Blades
 * Level 5.5 Dodging
 + Level 7.2 Stealth
 * Level 5.6 Shields
 + Level 6.7 Invocations
 + Level 5.0 Evocations


You had 10 spell levels left.
You didn't know any spells.
Your spell library contained the following spells:

 Spells                   Type           Power      Damage    Failure   Level
 Apportation              Tloc           0%         N/A       32%         1
 Sublimation of Blood     Necr           0%         N/A       43%         2
 Hailstorm                Conj/Ice       0%         3d3       67%         3
 Anguish                  Hex/Necr       0%         N/A       97%         4
 Cause Fear               Hex            0%         N/A       97%         4
 Ice Form                 Ice/Tmut       0%         N/A       97%         4
 Passage of Golubria      Tloc           0%         N/A       97%         4
 Petrify                  Tmut/Erth      0%         N/A       97%         4
 Alistair's Intoxication  Tmut/Pois      0%         N/A       100%        5
 Irradiate                Conj/Tmut      0%         3d11      100%        5
 Yara's Violent Unravell  Hex/Tmut       0%         3d3       100%        5
 Enfeeble                 Hex            0%         N/A       100%        7
 Chain Lightning          Conj/Air       0%         N/A       100%        9
 Fire Storm               Conj/Fire      0%         5d1       100%        9
 Shatter                  Erth           0%         3d5*      100%        9
 Tukima's Dance           Hex            Unusable   N/A       N/A         3
 Simulacrum               Ice/Necr       Unusable   N/A       N/A         6

Dungeon Overview and Level Annotations

Branches:
Dungeon (9/15)             Temple (1/1) D:4         Ossuary (visited)
   Lair: D:8-11         Orc: D:9-12

Altars:
Ashenzari
Cheibriados
Dithmenos
Elyvilon
Fedhas
Gozag
Hepliaklqana
Kikubaaqudgha
Makhleb
Nemelex Xobeh
Okawaru
Qazlal
Ru
Sif Muna
Trog
Uskayaw
Vehumet
Wu Jian
Xom
Yredelemnul
Zin
The Shining One

Shops:
D:6 !

Annotations:
D:6 2 transporters, mkat's ghost, novice DrTm


Innate Abilities, Weirdness & Mutations

You cannot wear most types of armour.
You are amphibious.
You can wear up to eight rings at the same time.
Your skin changes colour to match your surroundings (Stealth+).
Your rubbery body absorbs attacks. (AC +1, EV +1)
((You are camouflaged when in or above water. (Stealth+)))
You have tentacles for arms and can constrict up to eight enemies at once.


Message History

You constrict the wolf simulacrum. You block the wolf simulacrum's attack.
The wolf simulacrum closely misses you.
You hit the wolf simulacrum but do no damage.
The wolf simulacrum is almost destroyed.
Your +0 spectral long sword hits the wolf simulacrum!
The wolf simulacrum vaporises!
Okawaru accepts your kill.
The polar bear simulacrum closely misses your +0 spectral long sword. x2
The polar bear simulacrum claws your +0 spectral long sword but does no damage.
The polar bear simulacrum closely misses your +0 spectral long sword. x2
The polar bear simulacrum misses your +0 spectral long sword.
Your +0 spectral long sword is engulfed in freezing vapours.
The river rat simulacrum bites your +0 spectral long sword.
Your spectral weapon shares its damage with you!
The river rat simulacrum freezes your +0 spectral long sword.
Your +0 spectral long sword resists.
Your spectral weapon shares its damage with you!
Your +0 spectral long sword disappears.
The polar bear simulacrum bites you! The polar bear simulacrum freezes you!
You block the polar bear simulacrum's attack.
The polar bear simulacrum claws you. The polar bear simulacrum freezes you!!
* * * LOW HITPOINT WARNING * * *
You hit the polar bear simulacrum.
The polar bear simulacrum is moderately damaged.
Your +0 spectral long sword hits the polar bear simulacrum but does no damage.
Your +0 spectral long sword disappears.
You feel much better.
The polar bear simulacrum completely misses you.
The polar bear simulacrum claws you. The polar bear simulacrum freezes you!
The polar bear simulacrum claws you.
* * * LOW HITPOINT WARNING * * *
The polar bear simulacrum freezes you!
* * * LOW HITPOINT WARNING * * *
You can now deal lightning-fast blows.
You can no longer speed up your combat.
The polar bear simulacrum completely misses you.
The polar bear simulacrum claws you.
* * * LOW HITPOINT WARNING * * *
The polar bear simulacrum freezes you!
You die...

....########............)........
.....................)...........
....................)))..........
..............P.#####)...........
.......###....⌠.#...#)...........
###....# #....P.#...#)######..###
# #....# #......#...#.# #..# #
#....# #...#'###Z##.# #..# #
#....# #...#..@ZZ.#.# #..# #
#....# #...#).....#.# #..#
###....###...#....#.#)######..#
.....<.......#....#.#.....))..#
############.########..########
#...........# #####.......#
#########


You could see a river rat simulacrum and 2 polar bear simulacra.

Vanquished Creatures
  A necromancer (D:9)
  A cyclops (D:6)
  Maggie (D:9)
  A kobold demonologist (D:9)
  A hornet (D:9)
  2 wyverns
  3 yaks (D:8)
  Edmund (D:5)
  4 water moccasins
  An acid dragon (D:9)
  An orc warrior (D:8)
  A black bear (D:5)
  An ogre (D:4)
  An ice beast (D:6)
  4 centaurs
  4 phantoms
  3 bullfrogs
  13 kobold brigands
  A gnoll sergeant (D:8)
  4 scorpions
  A water moccasin zombie (D:6)
  A wight (D:6)
  3 killer bees (D:8)
  A vampire bat (D:4)
  A howler monkey (D:7)
  A centaur zombie (D:6)
  3 jellies
  4 orc priests
  A gnoll bouda (D:8)
  Crazy Yiuf (D:5)
  3 hounds
  2 iguanas (D:5)
  5 orc wizards
  3 sleepcaps
  Natasha (thrice) (D:2)
  A polar bear simulacrum (D:9)
  5 wolf simulacra (D:9)
  14 mummies
  5 adders
  7 gnolls
  An ufetubus (D:6)
  3 dart slugs
  29 orcs
  7 ball pythons
  12 bats
  3 endoplasms
  3 giant cockroaches
  6 hobgoblins
  12 kobolds
  5 quokkas
  2 frilled lizards
  3 gnoll skeletons (Ossuary)
  7 goblins
  A kobold skeleton (Ossuary)
  4 orc skeletons (Ossuary)
  7 rats
  11 rat skeletons (Ossuary)
  A river rat simulacrum (D:9)
  A butterfly (D:4)
232 creatures vanquished.

Vanquished Creatures (others)
  A spectral weapon (D:8)
1 creature vanquished.

Grand Total: 233 creatures vanquished

Notes
Turn   | Place    | Note
-------+----------+-------------------------------------------
     0 | D:1      | Tirrikindir the Octopode Fighter began the quest for the
                  | Orb.
     0 | D:1      | Reached XP level 1. HP: 16/16 MP: 1/1
   324 | D:1      | Reached XP level 2. HP: 21/21 MP: 2/2
   350 | D:1      | Found a faded altar of an unknown god.
   353 | D:1      | Reached skill level 1 in Stealth
   903 | D:1      | Reached XP level 3. HP: 26/26 MP: 3/3
   955 | D:2      | Noticed Natasha
   959 | D:2      | Killed Natasha
   960 | D:2      | Reached XP level 4. HP: 15/31 MP: 4/4
  1025 | D:2      | Noticed Natasha
  1034 | D:2      | Killed Natasha
  1035 | D:2      | Reached skill level 3 in Long Blades
  1267 | D:2      | Reached XP level 5. HP: 36/36 MP: 5/5
  1270 | D:2      | Noticed Natasha
  1299 | D:2      | Killed Natasha
  2413 | D:4      | Found a staircase to the Ecumenical Temple.
  2460 | D:4      | Reached XP level 6. HP: 31/43 MP: 6/6
  2462 | D:4      | Reached skill level 1 in Evocations
  2484 | D:4      | Reached skill level 4 in Long Blades
  2505 | D:4      | Found a sand-covered staircase.
  2528 | Ossuary  | Entered an ossuary
  2659 | Ossuary  | Reached XP level 7. HP: 48/48 MP: 7/7
  3012 | Temple   | Entered the Ecumenical Temple
  3127 | Temple   | Became a worshipper of Warmaster Okawaru
  3323 | D:4      | Reached skill level 5 in Long Blades
  3323 | D:4      | Reached skill level 1 in Invocations
  3950 | D:5      | Entered Level 5 of the Dungeon
  3985 | D:5      | Reached XP level 8. HP: 18/54 MP: 9/9
  4197 | D:5      | Reached * piety under Okawaru
  4202 | D:5      | Noticed Edmund
  4213 | D:5      | Reached skill level 5 in Stealth
  4262 | D:5      | Killed Edmund
  4539 | D:5      | Found a runed translucent door.
  4540 | D:5      | Noticed Crazy Yiuf
  4547 | D:5      | Killed Crazy Yiuf
  4771 | D:6      | Reached skill level 6 in Long Blades
  4829 | D:6      | Found a transporter.
  4839 | D:6      | Noticed mkat's ghost (novice DrTm)
  4851 | D:6      | Found a transporter.
  4919 | D:6      | Reached skill level 5 in Fighting
  5093 | D:6      | Noticed a wyvern
  5103 | D:6      | Reached ** piety under Okawaru
  5131 | D:6      | Reached XP level 9. HP: 19/61 MP: 9/12
  5137 | D:6      | Reached skill level 5 in Invocations
  5154 | D:6      | HP: 1/61 [wyvern (5)]
  5164 | D:6      | Reached skill level 7 in Long Blades
  5423 | D:6      | Found a basalt altar of Yredelemnul.
  5518 | D:6      | Noticed a cyclops
  5549 | D:6      | Killed a cyclops
  5550 | D:6      | Reached skill level 8 in Long Blades
  5969 | D:6      | Reached skill level 9 in Long Blades
  5976 | D:6      | Found Evvufi Peoli's Distillery.
  6734 | D:7      | Found a glowing silver altar of Zin.
  6735 | D:7      | Found an opulent altar of Gozag.
  7072 | D:8      | Identified the +7 dagger "Tunkudoff" {drain, rCorr Str-2
                  | Dex+3}
  7271 | D:8      | Reached XP level 10. HP: 66/66 MP: 14/14
  7292 | D:8      | Reached skill level 10 in Long Blades
  7629 | D:8      | Found a burning altar of Makhleb.
  7629 | D:8      | Found a shimmering altar of Xom.
  7629 | D:8      | Found a shimmering blue altar of Sif Muna.
  7634 | D:8      | Found an ornate altar of the Wu Jian Council.
  7635 | D:8      | Found a sacrificial altar of Ru.
  7659 | D:8      | Found a radiant altar of Vehumet.
  7661 | D:8      | Found a shadowy altar of Dithmenos.
  7664 | D:8      | Found a snail-covered altar of Cheibriados.
  7665 | D:8      | Found a white marble altar of Elyvilon.
  8391 | D:9      | Noticed Maggie
  8410 | D:9      | Killed Maggie
  8410 | D:9      | Reached *** piety under Okawaru
  8502 | D:9      | Reached skill level 5 in Shields
  8505 | D:9      | Reached skill level 5 in Dodging
  8838 | D:9      | Noticed a kobold demonologist
  8991 | D:9      | Killed a kobold demonologist
  9075 | D:9      | Found a hide-covered altar of Uskayaw.
  9168 | D:9      | Noticed a necromancer
  9172 | D:9      | Killed a necromancer
  9172 | D:9      | Reached **** piety under Okawaru
  9173 | D:9      | Reached skill level 5 in Evocations
  9173 | D:9      | Reached XP level 11. HP: 64/72 MP: 14/16
  9217 | D:9      | Mangled by a polar bear simulacrum

Illustrated notes

Levels and vault maps discovered:
D:1:      spicycebolla_arrival_risky_transporter, layout_loops_corners,
          shapermc_ecumenical_altar_venn, chequers_serial_rivers_micro_e,
          hangedman_abyss_or_decor_stabs, hangedman_decor_growths
D:2:      layout_rooms, serial_bayou, serial_bayou_crossing,
          serial_bayou_pond_b, serial_bayou_pond_e, serial_bayou_lagoon_b,
          uniq_natasha
D:3:      layout_loops_corners, roderic_cross_of_infinity
D:4:      layout_basic, minmay_temple_entry_butterflies,
          gup_ossuary_entry_pyramid, roderic_batcave
D:5:      layout_rooms, uniq_crazy_yiuf_cottage, uniq_edmund
D:6:      hangedman_cross_stitches, layout_basic,
          lemuel_zombie_altar_yredelemnul, gammafunk_ghost_stat_death,
          serial_shops, nicolae_shop_tiny_waterfront
D:7:      layout_loops_ring, grunt_temple_overflow_gold_and_silver
D:8:      layout_basic, nicolae_overflow_hallway_of_the_gods,
          kennysheep_generic_room_12
D:9:      kennysheep_windowed_halls, layout_small_grid,
          mainiacjoe_overflow_catwalk, special_room [special_room_kobold],
          serial_bayou_pond_d, eino_house_with_fridge, uniq_maggie
Temple:   nicolae_temple_figure_zero

Skill      XL: |  1  2  3  4  5  6  7  8  9 10 |
---------------+-------------------------------+-----
Stealth        | 1 2 3 4 6 7 |  7.2
Long Blades    | 3 4 5 6 9 10 | 10.7
Evocations     | 1 2 3 4 5 |  5.0
Dodging        | 4 5 |  5.5
Fighting       | 4 5 6 |  6.3
Shields        | 4 5 |  5.6
Invocations    | 2 4 6 |  6.7

Action                     |  1- 3 |  4- 6 |  7- 9 | 10-12 || total
---------------------------+-------+-------+-------+-------++-------
  Melee: Long sword        |    27 |    92 |   222 |   144 ||   485
         Constrict         |     6 |    31 |    68 |    34 ||   139
         Tentacles         |     2 |    18 |    54 |    41 ||   115
         Punch             |       |     1 |     6 |     8 ||    15
  Throw: Dart              |       |       |       |    14 ||    14
 Invoke: Heroism           |       |       |     4 |     7 ||    11
         Finesse           |       |       |       |     1 ||     1
  Evoke: Wand              |       |       |     1 |     1 ||     2
    Use: Scroll            |     2 |     3 |     7 |       ||    12
         Potion            |       |     1 |     8 |     9 ||    18
   Stab: Sleeping          |     7 |    20 |    15 |     3 ||    45
         Distracted        |       |       |     4 |     2 ||     6
 Armour: Skin              |     1 |     2 |    12 |     2 ||    17
  Dodge: Dodged            |     4 |    31 |   153 |    77 ||   265
  Block: Buckler           |     3 |     9 |    54 |    39 ||   105
